 Dungeon Crawl Stone Soup version 0.30-a0-800-g7c544603b3 (webtiles) character file.

Game seed: 10119856133467242843

33 drugrobin the Sneak (level 3, 0/30 HPs)
             Began as a Demigod Delver on Feb 21, 2023.
             Killed from afar by Sigmund (4 damage)
             ... with a puff of flame
             ... on level 2 of the Dungeon.
             The game lasted 00:03:48 (1863 turns).

drugrobin the Sneak (Demigod Delver)                Turns: 1863, Time: 00:03:49

Health: 0/30       AC:  3    Str: 13    XL:     3   Next: 0%
Magic:  5/5        EV: 11    Int: 12    God:
Gold:   147        SH:  4    Dex: 19    Spells: 2/2 levels left

rFire   . . .      SeeInvis .      - Unarmed
rCold   . . .      Faith    .    s - +0 buckler
rNeg    . . .      Spirit   .    a - +0 leather armour
rPois   .          Reflect  .    (no helmet)
rElec   .          Harm     .    (no cloak)
rCorr   .          Rampage  .    (no gloves)
Will    +....                    (no boots)
Stlth   +++                      (no amulet)
HPRegen 0.25/turn                k - ring of willpower
MPRegen 0.09/turn                (no ring)

@: no status effects
A: high MP 1, forlorn, divine attributes
a: no special abilities


You were on level 2 of the Dungeon.
You visited 1 branch of the dungeon, and saw 5 of its levels.

You collected 147 gold pieces.

Inventory:

Missiles
 p - 9 stones (quivered)
Armour
 a - a +0 leather armour (worn)
 s - a +0 buckler (worn)
Jewellery
 k - a ring of willpower (left hand)
Wands
 f - a wand of digging (3)
 h - a wand of roots (10)
Scrolls
 b - a scroll of fog
 c - a scroll of magic mapping
 g - 2 scrolls of teleportation {unknown}
 l - a scroll of enchant armour {unknown}
 n - 4 scrolls of identify {unknown}
 q - a scroll of silence {unknown}
 v - a scroll of immolation {unknown}
Potions
 e - 6 potions of haste
 i - a potion of cancellation {unknown}
 j - a potion of might {unknown}
 m - 3 potions of curing {unknown}
 o - a potion of berserk rage {unknown}
 r - a potion of brilliance {unknown}
 t - a potion of mutation {unknown}
 u - a potion of flight {unknown}


   Skills:
 - Level 2.6 Fighting
 - Level 1.7 Dodging
 - Level 4.5 Stealth
 + Level 3.3 Unarmed Combat


You had 2 spell levels left.
You didn't know any spells.
Your spell library was empty.

Dungeon Overview and Level Annotations

Branches:
Dungeon (5/15)
 Temple: D:4-7

Annotations:
D:2 Jessica, Robin, Sigmund
D:4 exclusion: scorpion
D:5 exclusion: white imp


Innate Abilities, Weirdness & Mutations

You have an increased reservoir of magic. (+10% MP)
You shall have no god before yourself.
Your divine heritage dramatically boosts your attributes as you level up.


Message History

Unknown command.
Unknown command.
Press: ? - help, v - describe, . - travel
Here: Jessica, wielding a +0 dagger and wearing a +0 robe The floor, spattered with blood.
Jessica casts a spell.
Jessica blinks!
Unknown command.
Unknown command.
Jessica hits you with a +0 dagger.
* * * LOW HITPOINT WARNING * * *
Unknown command.
Unknown command.
Unknown command.
Unknown command.
Unknown command.
Unknown command.
Unknown command.
Jessica attacks as you move away! Jessica hits you with a +0 dagger.
* * * LOW HITPOINT WARNING * * *
Unknown command.
Unknown command.
Unknown command.
Unknown command.
Unknown command.
Okay, then.
As you read the scroll of fear, it crumbles to dust.
You assume a fearsome visage.
Jessica looks frightened!
Jessica mumbles some strange words.
Jessica blinks!
You hear a shout!
You hear an angry hiss.
Jessica gestures wildly while chanting.
Jessica blinks!
Jessica gestures wildly while chanting.
Jessica blinks!
There is a stone staircase leading up here.
Sigmund casts a spell at you. The puff of flame hits you.
You die...

#.########## #.#<).......
####.#)##########
##....#.## #..
#........#### #.#
#..###......# #.#..# #..#
##..##.# #.#.. #..# ##.##.#
#.#.. ..... #..# ##.##.#
#@#.. .#..
#..####...#.####.#.# ...#
#.>#.......#...#.#.# .S@
#..#.##...#.##.#@#.# ..#
#..#.###.##.##.#.#.# ..#
#..................##..##.#
####.######.##...§.§@.....#
#.........##########.####
#..######## #


You could see Sigmund.

Vanquished Creatures
  2 endoplasms
  A giant cockroach (D:1)
  8 goblins
  5 hobgoblins
  2 kobolds
  3 quokkas
  2 ball pythons
  3 bats (D:1)
  A frilled lizard (D:1)
  A rat (D:1)
28 creatures vanquished.

Notes
Turn   | Place    | Note
-------+----------+-------------------------------------------
     0 | D:5      | drugrobin the Demigod Delver began the quest for the Orb.
     0 | D:5      | Reached XP level 1. HP: 18/18 MP: 3/3
   219 | D:4      | Noticed a scorpion
   575 | D:2      | Noticed Robin
   892 | D:1      | Reached XP level 2. HP: 23/25 MP: 4/4
  1758 | D:2      | Reached XP level 3. HP: 20/30 MP: 5/5
  1846 | D:2      | Noticed Jessica
  1853 | D:2      | Noticed Sigmund
  1863 | D:2      | Killed from afar by Sigmund

Illustrated notes

Levels and vault maps discovered:
D:1:      psy_arrival_statuary, layout_loops_corners
D:2:      layout_loops_ring, basic_altar, uniq_robin, uniq_jessica, uniq_sigmund
D:3:      layout_loops_cross, lemuel_tele_altar, kennysheep_generic_room_2,
          uniq_ijyb
D:4:      minmay_door_path, layout_basic, minmay_temple_entry_butterflies,
          hangedman_feature_mirror
D:5:      layout_loops_ring

Skill      XL: |  1  2 |
---------------+-------+-----
Unarmed Combat | 2 3 |  3.3
Fighting       | |  2.6
Dodging        | |  1.7
Stealth        | |  4.5

Action                     || total
---------------------------++-------
  Melee: Unarmed           ||    97
         Punch             ||     2
  Throw: Stone             ||     7
    Use: Scroll            ||     1
   Stab: Sleeping          ||     6
 Armour: Leather armour    ||    17
  Dodge: Dodged            ||    58
  Block: Buckler           ||     6

Table legend: (Time is in decaauts)
 A = Elapsed time spent in this place.
 B = Non-inter-level travel time spent in this place.
 C = Inter-level travel time spent in this place.
 D = Time resting spent in this place.
 E = Time spent auto-exploring this place.
 F = Levels seen in this place.
 G = Mean time per level.
                   A        B        C        D        E       F      G
               +--------+--------+--------+--------+--------+-----+--------+
         Total |   1864 |   1804 |     60 |    129 |   1108 |   5 |  372.8 |
       Dungeon |   1864 |   1804 |     60 |    129 |   1108 |   5 |  372.8 |
               +--------+--------+--------+--------+--------+-----+--------+

Top non-repeatable levels by time:
     D:1: 1026 daAuts
     D:3: 318 daAuts
     D:2: 206 daAuts
     D:4: 198 daAuts
     D:5: 114 daAuts
